 Dungeon Crawl Stone Soup version 0.28.0 (webtiles) character file.

Game seed: 17928142211379496240

3264 hikkokomori the Blocker (level 10, -14/78 (81) HPs)
             Began as a Formicid Fighter on Feb 10, 2022.
             Was a Believer of Okawaru.
             Killed from afar by Maggie (16 damage)
             ... with a bolt of fire
             ... on level 7 of the Dungeon.
             The game lasted 00:19:03 (8113 turns).

hikkokomori the Blocker (Formicid Fighter)          Turns: 8113, Time: 00:19:03

HP:   -14/78 (81)   AC: 21    Str: 21    XL:     10   Next: 19%
MP:   10/10         EV:  8    Int: 12    God:    Okawaru [**....]
Gold: 232           SH: 14    Dex: 10    Spells: 9/9 levels left

rFire   . . .      SeeInvis +   r - +2 scythe (protect)
rCold   . . .      Faith    .   l - +0 tower shield
rNeg    . . .      Spirit   .   i - +0 plate armour
rPois   .          Reflect  .   (helmet unavailable)
rElec   .          Harm     .   j - +0 cloak
rCorr   .          Rampage  .   (no gloves)
Will    +....                   (no boots)
Stlth   ..........              (no amulet)
HPRegen 0.23/turn               m - +4 ring of evasion
MPRegen 0.12/turn               (no ring)

@: mighty, under a protective aura, mesmerised, lightly drained
A: permanent stasis, dig shafts and tunnels, antennae 3, four strong arms
a: Dig, Shaft Self, Renounce Religion, Heroism


You were on level 7 of the Dungeon.
You worshipped Okawaru.
Okawaru was pleased with you.
You visited 1 branch of the dungeon, and saw 7 of its levels.

You collected 232 gold pieces.

Inventory:

Hand Weapons
 a - a +0 quarterstaff
 d - a +2 spear of venom
 r - a +2 scythe of protection (weapon)
Missiles
 x - 6 curare-tipped darts
Armour
 b - a +0 scale mail
 c - a +0 buckler
 e - a +2 leather armour of positive energy
 f - an orb of energy
 i - a +0 plate armour (worn)
 j - a +0 cloak (worn)
 l - a +0 tower shield (worn)
Jewellery
 m - a +4 ring of evasion (left hand)
 w - a +4 ring of evasion
Wands
 o - a wand of iceblast (12)
 s - a wand of flame (37)
 D - a wand of paralysis (9)
 F - a wand of acid (15)
Scrolls
 h - 3 scrolls of teleportation
 n - a scroll of blinking {unknown}
 t - a scroll of vulnerability {unknown}
 u - 2 scrolls of fog
 v - a scroll of summoning
 y - a scroll of acquirement {unknown}
 E - 2 scrolls of identify
 G - a scroll of noise {unknown}
Potions
 g - a potion of attraction
 k - 2 potions of haste
 p - 3 potions of lignification
 q - 2 potions of flight
 z - a potion of curing
 A - 2 potions of mutation
 C - a potion of heal wounds {unknown}
 H - a potion of ambrosia {unknown}
 I - a potion of degeneration {unknown}


   Skills:
 + Level 8.3 Fighting
 + Level 5.7(6.3) Polearms
 - Level 3.9(5.4) Staves
 + Level 7.9 Armour
 + Level 8.6 Shields
 + Level 2.4 Evocations


You had 9 spell levels left.
You didn't know any spells.
Your spell library contained the following spells:

 Spells                   Type           Power      Damage    Failure   Level
 Anguish                  Hex/Necr       0%         N/A       100%        4
 Fireball                 Conj/Fire      0%         3d3       100%        5
 Starburst                Conj/Fire      0%         6d3       100%        6
 Enfeeble                 Hex            0%         N/A       100%        7
 Ignition                 Fire           0%         3d3       100%        8
 Tukima's Dance           Hex            Unusable   N/A       N/A         3

Dungeon Overview and Level Annotations

Branches:
Dungeon (7/15)             Temple (0/1) D:6

Altars:
Ashenzari
Makhleb
Okawaru
Qazlal
Xom
Yredelemnul

Shops:
D:2 [

Annotations:
D:7 Maggie


Innate Abilities, Weirdness & Mutations

You cannot be hasted, slowed, berserked, paralysed or teleported.
You can dig through walls and to a lower floor.
You have a pair of large antennae on your head. (SInv)
Your four strong arms can wield two-handed weapons with a shield.


Message History

Maggie hits you but does no damage. You block the orc's attack.
Maggie hits you but does no damage. You block the orc's attack.
The orc hits you but does no damage.
Unknown command.
You slash the orc!
You kill the orc!
Maggie mumbles some strange words.
Maggie draws you further into her thrall.
You block the orc's attack. Maggie hits you but does no damage.
You block the orc's attack.
Unknown command.
You barely miss the orc. Maggie barely misses you. The orc barely misses you.
Maggie points at you and mumbles some strange words.
The bolt of fire hits you but does no damage.
The orc hits you but does no damage.
Unknown command.
You slice the orc!!
You kill the orc!
Okawaru accepts your kill. Maggie hits you but does no damage.
Unknown command.
You cannot move away from Maggie!
Aiming: Paralyse
Press: ? - help, Shift-Dir - straight line, f/p - Maggie
Aim: Maggie, wielding a +0 long sword and wearing +0 acid dragon scales (moderately wounded, mesmerising, chance to affect: 55%)
Okay, then.
You feel very mighty all of a sudden. You block the boulder beetle's attack.
You closely miss Maggie.
Maggie is moderately wounded.
Maggie hits you with a +0 long sword.
* * * LOW HITPOINT WARNING * * *
You block the boulder beetle's attack. You block Maggie's attack.
The boulder beetle bites you!
* * * LOW HITPOINT WARNING * * *
You slice Maggie!!
Maggie is severely wounded.
Maggie gestures at you while chanting. The bolt of fire hits you!
You die...

.................#
...............#.########
.................#......#
..............#..#......#
###)...###..............#
.........##...##........#.#
.......#..#................
...............@B)......#
.##...........##@).........
#########..... #.........#.
# ##.#.. #.#......## #....
#.......... #...
..........#.
...............#
...#............#
.....<....


You could see a boulder beetle and Maggie (mesmerising).

Vanquished Creatures
  Pikel (D:4)
  Prince Ribbit (D:5)
  Grinder (D:3)
  Sigmund (D:3)
  Menkaure (D:5)
  Duvessa (D:5)
  2 water moccasins
  An orc warrior (D:7)
  A necrophage (D:5)
  2 ogres
  A centaur (D:7)
  A lemure (D:5)
  2 phantoms (D:4)
  A wyvern zombie (D:7)
  A wyvern skeleton (D:7)
  Dowan (D:5)
  2 howler monkeys (D:7)
  2 bullfrog zombies
  2 centaur zombies (D:7)
  A bullfrog skeleton (D:6)
  A centaur skeleton (D:6)
  2 hounds
  3 gnoll shamans
  Jessica (D:2)
  3 iguanas
  Ijyb (D:3)
  Terence (D:2)
  An orc wizard (D:3)
  Natasha (thrice) (D:3)
  3 killer bee zombies (D:7)
  A hound skeleton (D:5)
  A howler monkey zombie (D:7)
  17 gnolls
  12 adders
  2 adder skeletons
  2 worms
  3 dart slugs
  18 orcs
  8 ball pythons
  7 endoplasms
  3 giant cockroaches
  6 goblins
  7 hobgoblins
  3 jackals (D:1)
  7 quokkas
  6 bats
  5 frilled lizards
  5 kobolds (D:1)
  10 rats
168 creatures vanquished.

Notes
Turn   | Place    | Note
-------+----------+-------------------------------------------
     0 | D:1      | hikkokomori the Formicid Fighter began the quest for the
                  | Orb.
     0 | D:1      | Reached XP level 1. HP: 18/18 MP: 1/1
   205 | D:1      | Reached XP level 2. HP: 23/23 MP: 2/2
   535 | D:1      | Reached XP level 3. HP: 29/29 MP: 3/3
  1246 | D:2      | Reached XP level 4. HP: 37/37 MP: 4/4
  1246 | D:2      | Noticed Jessica
  1256 | D:2      | Killed Jessica
  1279 | D:2      | Noticed Terence
  1433 | D:2      | Killed Terence
  1434 | D:2      | Reached XP level 5. HP: 14/43 MP: 5/5
  1940 | D:2      | Found Umusea's Antique Armour Boutique.
  2661 | D:3      | Noticed Sigmund
  2681 | D:3      | Killed Sigmund
  2682 | D:3      | Reached skill level 5 in Fighting
  2682 | D:3      | Reached XP level 6. HP: 23/51 MP: 6/6
  3118 | D:3      | Noticed Natasha
  3126 | D:3      | Killed Natasha
  3127 | D:3      | Reached skill level 5 in Shields
  3127 | D:3      | Reached XP level 7. HP: 43/56 MP: 7/7
  3232 | D:3      | Noticed Natasha
  3236 | D:3      | Killed Natasha
  3237 | D:3      | Reached skill level 1 in Polearms
  3282 | D:3      | Noticed Natasha
  3291 | D:3      | Killed Natasha
  3360 | D:3      | Noticed Ijyb
  3364 | D:3      | Killed Ijyb
  3416 | D:3      | Noticed Grinder
  3433 | D:3      | Killed Grinder
  3434 | D:3      | Reached skill level 5 in Armour
  3542 | D:3      | Found a burning altar of Makhleb.
  3542 | D:3      | Noticed a blizzard demon
  3670 | D:4      | Reached XP level 8. HP: 50/64 MP: 8/8
  4153 | D:4      | Found a shimmering altar of Xom.
  4153 | D:4      | Found a shimmering altar of Xom.
  4216 | D:4      | Found a shimmering altar of Xom.
  4336 | D:4      | Found a broken altar of Ashenzari.
  4336 | D:4      | Found an iron altar of Okawaru.
  4364 | D:4      | Became a worshipper of Warmaster Okawaru
  4617 | D:5      | Entered Level 5 of the Dungeon
  5106 | D:5      | Found a stormy altar of Qazlal.
  5141 | D:5      | Noticed Pikel
  5186 | D:4      | Killed Pikel
  5186 | D:4      | Reached * piety under Okawaru
  5187 | D:4      | Reached XP level 9. HP: 7/72 MP: 9/9
  5545 | D:5      | Noticed Menkaure
  5549 | D:5      | Killed Menkaure
  5715 | D:5      | Noticed Prince Ribbit
  5722 | D:5      | Killed Prince Ribbit
  5832 | D:5      | Noticed Dowan
  5833 | D:5      | Noticed Duvessa
  5842 | D:5      | Killed Duvessa
  5852 | D:5      | Killed Dowan
  6017 | D:5      | Reached ** piety under Okawaru
  6033 | D:5      | Reached skill level 5 in Polearms
  6638 | D:6      | Found a staircase to the Ecumenical Temple.
  7689 | D:7      | Reached skill level 1 in Evocations
  7689 | D:7      | Reached XP level 10. HP: 74/80 MP: 10/10
  7900 | D:7      | Noticed a boulder beetle
  7992 | D:7      | Found a basalt altar of Yredelemnul.
  8075 | D:7      | Noticed Maggie
  8112 | D:7      | HP: 2/78 [boulder beetle (15)]
  8113 | D:7      | Killed from afar by Maggie

Illustrated notes

Levels and vault maps discovered:
D:1:      onia_arrival_handbag, layout_loops_corners
D:2:      layout_basic, serial_shops, nicolae_shop_hallway_stairs, uniq_jessica,
          uniq_terence
D:3:      layout_rooms, makhleb_altar_promises_db,
          ebering_dispersal_statue_hall, grunt_decor_fettered,
          minmay_close_crescents, uniq_grinder, uniq_sigmund, uniq_ijyb,
          uniq_natasha
D:4:      layout_loops_cross, xom_redecorated, nicolae_overflow_squiral,
          kennysheep_generic_room_10
D:5:      layout_basic, nicolae_qazlal_general_emergency, uniq_prince_ribbit1,
          uniq_pikel, uniq_menkaure, uniq_duvessa
D:6:      layout_layer_cave, temple_fountains
D:7:      layout_rooms, nicolae_yredelemnul_corpse_copse,
          chequers_serial_rivers_marsh, nicolae_concentric_dashed_squares_wild,
          kennysheep_opposing_triangles, uniq_maggie, uniq_joseph

Skill      XL: |  1  2  3  4  5  6  7  8  9 10 |
---------------+-------------------------------+-----
Fighting       | 4 5 7 8 |  8.3
Staves         | 3 |  3.9
Shields        | 4 5 7 8 |  8.6
Armour         | 4 5 6 7 |  7.9
Polearms       | 2 4 5 |  5.7
Evocations     | 1 2 |  2.4

Action                   |  1- 3 |  4- 6 |  7- 9 | 10-12 || total
-------------------------+-------+-------+-------+-------++-------
Melee: Quarterstaff      |    84 |    98 |       |       ||   182
       Scythe            |       |    29 |   290 |    91 ||   410
Invok: Heroism           |       |       |     1 |     1 ||     2
 Abil: Dig               |     2 |     2 |     5 |     2 ||    11
Evoke: Wand              |       |       |     6 |     1 ||     7
  Use: Potion            |       |     1 |     1 |     1 ||     3
       Scroll            |       |     3 |     5 |       ||     8
Armor: Scale mail        |    13 |       |       |       ||    13
       Leather armour    |     1 |       |       |       ||     1
       Plate armour      |    24 |    63 |   187 |    75 ||   349
Dodge: Dodged            |    33 |    36 |   109 |    47 ||   225
Block: Buckler           |    16 |       |       |       ||    16
       Tower shield      |     5 |    82 |   301 |   117 ||   505
